 Dungeon Crawl Stone Soup version 0.27-a0-1066-g29160eaed2 (webtiles) character file.

Game seed: 1040732561225802570

132 Hodglim the Chopper (level 5, -1/47 HPs)
             Began as a Hill Orc Monk on Apr 24, 2021.
             Slain by an ufetubus (2 damage)
             ... on level 5 of the Dungeon.
             The game lasted 00:11:13 (3885 turns).

Hodglim the Chopper (Hill Orc Monk)                 Turns: 3885, Time: 00:11:13

Health: -1/47      AC:  6    Str: 15    XL:     5   Next: 15%
Magic:  5/5        EV: 12    Int: 10    God:
Gold:   107        SH:  0    Dex: 13    Spells: 4/4 levels left

rFire    . . .     SeeInvis .   a - +0 hand axe
rCold    . . .     Faith    .   (no shield)
rNeg     . . .     Spirit   .   g - +0 leather armour
rPois    .         Reflect  .   l - +2 hat
rElec    .         Harm     .   (no cloak)
rCorr    .         Rampage  .   n - +0 pair of gloves
Will     .....                  (no boots)
Stlth    ++........             (no amulet)
HPRegen  0.15/turn              (no ring)
MPRegen  0.09/turn              (no ring)

@: no status effects
A: no striking features
a: no special abilities


You were on level 5 of the Dungeon.
You visited 1 branch of the dungeon, and saw 5 of its levels.

You collected 107 gold pieces.

Inventory:

Hand Weapons
 a - a +0 hand axe (weapon)
Missiles
 m - 49 stones (quivered)
Armour
 g - a +0 leather armour (worn)
 l - a +2 hat (worn)
 n - a +0 pair of gloves (worn)
Scrolls
 b - a scroll of blinking {unknown}
 d - a scroll of identify {unknown}
 k - a scroll of enchant weapon {unknown}
Potions
 c - a potion of invisibility {unknown}
 e - 2 potions of flight {unknown}
 i - a potion of degeneration {unknown}
 j - a potion of ambrosia {unknown}


   Skills:
 + Level 4.6 Fighting
 + Level 5.1 Axes
 + Level 2.3 Armour
 + Level 3.1 Dodging
 - Level 1.5 Stealth


You had 4 spell levels left.
You didn't know any spells.
Your spell library was empty.

Dungeon Overview and Level Annotations

Branches:
Dungeon (5/15)
 Temple: D:4-7

Altars:
Elyvilon


Message History

The centaur zombie barely misses you. The adder closely misses you.
You climb downwards.
An ufetubus comes into view.
There is a stone staircase leading up here.
You hit the adder.
The adder is moderately wounded.
The ufetubus shouts!
The adder bites you but does no damage.
You hit the adder but do no damage.
The adder is moderately wounded.
The adder misses you.
You barely miss the adder.
The adder is moderately wounded.
The adder misses you. The adder bites you.
* * * LOW HITPOINT WARNING * * *
You are poisoned.
The adder poisons you!
You hit the adder.
The adder is almost dead.
* * * LOW HITPOINT WARNING * * *
You feel sick. The adder bites you but does no damage.
You hit the adder.
You kill the adder!
* * * LOW HITPOINT WARNING * * *
You feel sick.
Okay, then.
A centaur and an ufetubus come into view.
* * * LOW HITPOINT WARNING * * *
You feel sick.
* * * LOW HITPOINT WARNING * * *
You feel sick.
The centaur shouts!
The centaur wields a +0 shortbow.
The centaur shoots an arrow.
The arrow barely misses you.
* * * LOW HITPOINT WARNING * * *
You feel sick.
You are no longer poisoned.
The centaur shoots an arrow.
The arrow closely misses you. The ufetubus barely misses you.
The ufetubus hits you.
You die...

##...#.# .
##....... ..
##...c...###
..# #........
.##....
#........
.......
#.....##.......
#...5.<......#
##.#5##.##.###
#@# .# #.# .#
... .# ##.#..#
.....# ..# ##
#.# ...


You could see a centaur and 2 ufetubi.

Vanquished Creatures
  Robin (D:2)
  A gnoll (D:4)
  5 adders
  3 dart slugs (D:3)
  2 orcs (D:4)
  5 ball pythons
  6 endoplasms
  7 goblins
  5 hobgoblins
  2 jackals (D:4)
  3 quokkas
  5 bats
  2 frilled lizards (D:3)
  3 kobolds
  7 rats
57 creatures vanquished.

Notes
Turn   | Place    | Note
-------+----------+-------------------------------------------
     0 | D:1      | Hodglim the Hill Orc Monk began the quest for the Orb.
     0 | D:1      | Reached XP level 1. HP: 19/19 MP: 1/1
   388 | D:1      | Reached XP level 2. HP: 27/27 MP: 2/2
   449 | D:1      | Found a faded altar of an unknown god.
   900 | D:2      | Reached skill level 1 in Armour
   900 | D:2      | Reached XP level 3. HP: 19/33 MP: 3/3
  1189 | D:2      | Found a white marble altar of Elyvilon.
  1471 | D:2      | Noticed Robin
  2238 | D:3      | Reached XP level 4. HP: 16/40 MP: 4/4
  3331 | D:2      | Killed Robin
  3747 | D:4      | Reached skill level 5 in Axes
  3808 | D:4      | Noticed a necrophage
  3820 | D:4      | Reached XP level 5. HP: 47/47 MP: 5/5
  3877 | D:5      | Entered Level 5 of the Dungeon
  3883 | D:5      | Noticed a centaur
  3884 | D:5      | HP: 2/47 [poisoned by an adder]
  3885 | D:5      | Slain by an ufetubus

Illustrated notes

Levels and vault maps discovered:
D:1:      roderic_chinese_lattice_arrival, layout_rooms, basic_ecumenical_altar,
          hex_large
D:2:      layout_loops_ring, basic_altar, dk_noncrumbling_3, uniq_robin
D:3:      layout_basic, grunt_decor_resistance, saegor_snake_ambush
D:4:      layout_cave_pods, serial_bayou_pond_b
D:5:      layout_loops_ring, minmay_temple_entry_enclosed_plants,
          feat_on_display

Skill      XL: |  1  2  3  4 |
---------------+-------------+-----
Fighting       | 4 |  4.6
Armour         | 1 2 |  2.3
Dodging        | 3 |  3.1
Axes           | 5 |  5.1
Stealth        | |  1.5

Action                   |  1- 3 |  4- 6 || total
-------------------------+-------+-------++-------
Melee: Hand axe          |    89 |    88 ||   177
Throw: Javelin           |       |    12 ||    12
       Stone             |       |     1 ||     1
  Use: Scroll            |     1 |     1 ||     2
 Stab: Sleeping          |     5 |     1 ||     6
Armor: Robe              |    11 |       ||    11
       Leather armour    |    10 |    19 ||    29
Dodge: Dodged            |    46 |    69 ||   115

Table legend: (Time is in decaauts)
 A = Elapsed time spent in this place.
 B = Non-inter-level travel time spent in this place.
 C = Inter-level travel time spent in this place.
 D = Time resting spent in this place.
 E = Time spent auto-exploring this place.
 F = Levels seen in this place.
 G = Mean time per level.
                   A        B        C        D        E       F      G
               +--------+--------+--------+--------+--------+-----+--------+
         Total |   3928 |   3776 |    152 |   1208 |   1817 |   5 |  785.6 |
       Dungeon |   3928 |   3776 |    152 |   1208 |   1817 |   5 |  785.6 |
               +--------+--------+--------+--------+--------+-----+--------+

Top non-repeatable levels by time:
     D:3: 1834 daAuts
     D:2: 1167 daAuts
     D:1: 713 daAuts
     D:4: 205 daAuts
     D:5: 8 daAuts
